 Seeded DCSS version 0.31-a0-187-gba352fbbf7 (webtiles) character file.

Game seed: 8983908458098333691 (custom seed)

1472 innerfire43 the Basher (level 8, -9/52 (58) HPs)
             Began as a Demonspawn Monk on June 22, 2023.
             Was a Believer of Cheibriados.
             Mangled by a wight
             ... wielding a +0 great sword
              (10 damage)
             ... on level 7 of the Dungeon.
             The game lasted 00:07:10 (6369 turns).

innerfire43 the Basher (Demonspawn Monk)            Turns: 6369, Time: 00:07:11

HP:   -9/52 (58)    AC:  4    Str: 19    XL:     8   Next: 49%
MP:   8/8           EV:  9    Int: 17    God:    Cheibriados [**....]
Gold: 177           SH: 15    Dex: 19    Spells: 7/7 levels left

rFire   . . .        j - +5 whip (heavy)
rCold   . . .        k - +0 tower shield
rNeg    . . .        o - +0 leather armour
rPois   .            (no helmet)
rElec   .            y - +0 cloak
rCorr   +            (no gloves)
SInv    .            (no boots)
Will    +....        l - amulet of faith
Stlth   +            f - ring of willpower
HPRegen 0.28/turn    e - ring of resist corrosion
MPRegen 0.11/turn

%: faith
@: heavily drained, very slow
A: demonic guardian 2, foul stench 2, big brain 1
a: Renounce Religion, Bend Time


You were on level 7 of the Dungeon.
You worshipped Cheibriados.
Cheibriados was pleased with you.
You visited 2 branches of the dungeon, and saw 8 of its levels.

You collected 226 gold pieces.
You spent 49 gold pieces at shops.

Inventory:

Hand Weapons
 a - a +0 mace
 j - a +5 heavy whip (weapon)
Missiles
 v - 6 curare-tipped darts (quivered)
Armour
 b - a +0 robe
 d - an orb of light
 k - a +0 tower shield (worn)
 o - a +0 leather armour (worn)
 y - a +0 cloak (worn)
Jewellery
 e - a ring of resist corrosion (right hand)
 f - a ring of willpower (left hand)
 l - an amulet of faith (around neck)
Wands
 t - a wand of acid (6)
 z - a wand of iceblast (10)
 A - a wand of paralysis (10)
Scrolls
 i - 3 scrolls of amnesia {unknown}
 p - 5 scrolls of teleportation {unknown}
 q - a scroll of immolation
 r - 6 scrolls of identify
 B - a scroll of acquirement {unknown}
Potions
 c - a potion of ambrosia
 g - a potion of brilliance {unknown}
 h - 3 potions of curing {unknown}
 m - 3 potions of might {unknown}
 n - a potion of lignification {unknown}
 s - 3 potions of haste {unknown}
 u - a potion of degeneration {unknown}
 w - a potion of heal wounds {unknown}
 x - a potion of cancellation {unknown}


   Skills:
 - Level 3.0 Fighting
 * Level 8.6 Maces & Flails
 - Level 2.6 Dodging
 + Level 5.2 Shields


You had 7 spell levels left.
You didn't know any spells.
Your spell library contained the following spells:

 Spells                   Type           Power      Damage    Failure   Level
 Magic Dart               Conj           0%         1d3       89%         1
 Blink                    Tloc           0%         N/A       96%         2
 Lesser Beckoning         Tloc           0%         N/A       96%         2
 Momentum Strike          Conj/Tloc      0%         3d8       96%         2
 Poisonous Vapours        Pois/Air       0%         N/A       96%         2
 Searing Ray              Conj           0%         2d4       96%         2
 Gell's Gravitas          Tloc           0%         N/A       99%         3
 Mephitic Cloud           Conj/Pois/Air  0%         N/A       99%         3
 Teleport Other           Tloc           0%         N/A       99%         3
 Vhi's Electric Charge    Tloc/Air       0%         N/A       99%         3
 Cause Fear               Hex            0%         N/A       100%        4
 Fulminant Prism          Conj/Hex       0%         3d5       100%        4
 Arcjolt                  Conj/Air       0%         1d10      100%        5
 Freezing Cloud           Conj/Ice/Air   0%         6-21      100%        5
 Plasma Beam              Fire/Air       0%         2x1d10    100%        6
 Dragon Form              Tmut           0%         N/A       100%        7
 Dragon's Call            Summ           0%         N/A       100%        9


Dungeon Overview and Level Annotations

Branches:
Dungeon (7/15)             Temple (1/1) D:6

Altars:
Ashenzari
Cheibriados
Dithmenos
Fedhas
Gozag
Kikubaaqudgha
Makhleb
Nemelex Xobeh
Okawaru
Qazlal
Ru
Sif Muna
Vehumet
Wu Jian
Xom
Yredelemnul

Shops:
D:1 [   D:2 (

Annotations:
D:7 Prince Ribbit


Innate Abilities, Weirdness & Mutations

A demonic guardian rushes to your aid.
You sometimes emit foul miasma when damaged in melee.
You have an unusually large brain. (Int +2)


Message History

No target in view!
A - a wand of paralysis (10) No target in view!
Found a trident.
No target in view!
You see here a +0 trident.
B - a scroll labelled GOM METAQEPPAM No target in view!
Key pressed, stopping explore.
No target in view!
No target in view!
Done exploring.
No target in view!
Done exploring.
No target in view!
Done exploring.
No target in view!
There is a stone staircase leading down here.
You climb downwards.
Found a pair of gloves, a ring mail and a bronze wand.
There is a stone staircase leading up here.
There are monsters nearby!
The wight hits you from afar with a +0 halberd!
A demonic guardian appears!
You feel drained.
You closely miss the wight.
Prince Ribbit croaks.
You block the wight's attack. x2; The wight hits you with a +0 dagger.
You feel drained.
An ogre comes into view. It is wielding a +0 giant club.
You whack the wight!
The wight is almost destroyed.
Prince Ribbit blinks!
The wight closely misses you.
You block the wight's attack. x2; Your ice devil barely misses the wight.
The wight hits you from afar with a +3 halberd!
The wight misses you. The wight hits you with a +0 dagger.
A white imp comes into view.
The wight hits you with a +0 great sword!!
* * * LOW HITPOINT WARNING * * *
You feel drained.
You die...

# #########..
#.......#.#
#.......#.#
#.......#.##
#.....zz4..##
#.....z.....##
#......@z....#
#[.....<.#####
######.[##
....# #/§..♣
#O.... ......
..5≈~≈.
...≈≈~≈≈.


You could see an ogre, 4 wights, a white imp (wandering) and a friendly ice
devil (summoned).

Vanquished Creatures
  A water moccasin (D:6)
  A black bear (D:2)
  2 ice beasts (D:6)
  3 ogres
  A phantom (D:5)
  A bullfrog (D:5)
  3 crimson imps (D:3)
  3 hounds
  A jelly (D:5)
  3 orc priests
  Crazy Yiuf (D:6)
  A sleepcap (D:5)
  2 iguanas
  Robin (D:2)
  3 adders
  A shadow imp (D:5)
  A worm (D:2)
  2 dart slugs
  11 orcs
  4 endoplasms
  A giant cockroach (D:4)
  12 goblins
  7 hobgoblins
  10 jackals
  4 kobolds
  2 quokkas
  4 ball pythons
  A bat (D:2)
  3 rats
90 creatures vanquished.

Vanquished Creatures (collateral kills)
  An ogre (D:5)
  A crimson imp (D:3)
  An iguana (D:6)
  A shadow imp (D:6)
  2 worms (D:4)
  A ball python (D:1)
  3 goblins
10 creatures vanquished.

Vanquished Creatures (others)
  A phantom (D:6)
  A scorpion (D:6)
2 creatures vanquished.

Grand Total: 102 creatures vanquished

Notes
Turn   | Place    | Note
-------+----------+-------------------------------------------
     0 | D:1      | innerfire43 the Demonspawn Monk began the quest for the
                  | Orb.
     0 | D:1      | Reached XP level 1. HP: 18/18 MP: 1/1
    67 | D:1      | Reached skill level 3 in Maces & Flails
   205 | D:1      | Gained mutation: A weak demonic guardian rushes to your
                  | aid. [demonic ancestry]
   205 | D:1      | Reached XP level 2. HP: 18/24 MP: 2/2
   335 | D:1      | Found Emicucw's Armour Shop.
   352 | D:1      | Bought a +0 tower shield for 49 gold pieces
   880 | D:1      | Gained mutation: A demonic guardian rushes to your aid.
                  | [demonic ancestry]
   880 | D:1      | Reached XP level 3. HP: 28/29 MP: 3/3
  1186 | D:2      | Noticed a black bear
  1195 | D:2      | Killed a black bear
  1196 | D:2      | Reached skill level 4 in Maces & Flails
  1196 | D:2      | Reached skill level 1 in Shields
  1196 | D:2      | Reached XP level 4. HP: 15/35 MP: 4/4
  1356 | D:2      | Gained mutation: You may rarely emit foul miasma when
                  | damaged in melee. [demonic ancestry]
  1356 | D:2      | Reached XP level 5. HP: 39/41 MP: 5/5
  1380 | D:2      | Noticed Robin
  1389 | D:2      | Killed Robin
  1520 | D:2      | Found Jephanux's Weapon Emporium.
  1613 | D:2      | Reached skill level 5 in Maces & Flails
  1982 | D:3      | You fall into a shaft and drop 3 floors!
  1988 | D:5      | Entered Level 5 of the Dungeon
  2007 | D:5      | Identified the +1 pair of gloves of Honour {Harm *Corrode
                  | rElec rN++}
  2163 | D:4      | Found a basalt altar of Yredelemnul.
  2166 | D:4      | Noticed an ogre
  2759 | D:3      | Found a shimmering altar of Xom.
  2797 | D:3      | Reached XP level 6. HP: 42/47 MP: 6/6
  3017 | D:4      | Reached skill level 6 in Maces & Flails
  3708 | D:5      | Gained mutation: You sometimes emit foul miasma when
                  | damaged in melee. [demonic ancestry]
  3708 | D:5      | Reached XP level 7. HP: 22/52 MP: 7/7
  3933 | D:5      | Reached skill level 7 in Maces & Flails
  5100 | D:6      | Gained mutation: You have an unusually large brain. (Int
                  | +2) [demonic ancestry]
  5100 | D:6      | Reached XP level 8. HP: 33/58 MP: 8/8
  5319 | D:6      | Found a staircase to the Ecumenical Temple.
  5363 | D:6      | Reached skill level 8 in Maces & Flails
  5431 | Temple   | Entered the Ecumenical Temple
  5643 | Temple   | Became a worshipper of Cheibriados the Contemplative
  5643 | Temple   | Reached * piety under Cheibriados
  5643 | Temple   | Reached ** piety under Cheibriados
  5811 | D:6      | Found a runed translucent door.
  5812 | D:6      | Noticed Crazy Yiuf
  5898 | D:6      | Killed Crazy Yiuf
  5984 | D:6      | Reached skill level 5 in Shields
  6366 | D:7      | Noticed Prince Ribbit
  6369 | D:7      | HP: 1/54 [wight/+0 great sword (20)]
  6369 | D:7      | Mangled by a wight

Illustrated notes

Levels and vault maps discovered:
D:1:      minmay_arrival_jagged, layout_loops_corners, serial_shops, shop,
          minmay_pentomino_p4
D:2:      layout_loops_ring, serial_shops, shop, uniq_robin
D:3:      layout_basic, led_xom_imps, minmay_misc_feat_room
D:4:      layout_basic, mainiacjoe_overflow_concentric_impassable
D:5:      layout_layer_cave, glass_columns_a, st_stairs_5
D:6:      layout_loops_ring, lemuel_temple_firewalk_b, uniq_crazy_yiuf_cottage
D:7:      layout_loops_cross, elyvilon_altar_3,
          chequers_temple_overflow_statue_of_worship, serial_glass,
          glass_columns_a, glass_columns_b, minmay_misc_feat_alley,
          nicolae_shop_i_like_small_books_too, uniq_maggie, uniq_prince_ribbit1
Temple:   kb_temple_of_zot

Skill      XL: |  1  2  3  4  5  6  7  8 |
---------------+-------------------------+-----
Maces & Flails | 3 4 5 6 7 8 |  8.6
Shields        | 1 2 3 4 5 |  5.2
Fighting       | |  3.0
Dodging        | |  2.6

Action                     |  1- 3 |  4- 6 |  7- 9 || total
---------------------------+-------+-------+-------++-------
  Melee: Mace              |    23 |       |       ||    23
         Whip              |    49 |   104 |    88 ||   241
    Use: Scroll            |       |     5 |       ||     5
   Stab: Sleeping          |     1 |       |     1 ||     2
 Armour: Robe              |    11 |       |       ||    11
         Leather armour    |     7 |    10 |    14 ||    31
  Dodge: Dodged            |    32 |    23 |    29 ||    84
  Block: Tower shield      |    36 |    67 |    75 ||   178

Table legend: (Time is in decaauts)
 A = Elapsed time spent in this place.
 B = Non-inter-level travel time spent in this place.
 C = Inter-level travel time spent in this place.
 D = Time resting spent in this place.
 E = Time spent auto-exploring this place.
 F = Levels seen in this place.
 G = Mean time per level.
                   A        B        C        D        E       F      G
               +--------+--------+--------+--------+--------+-----+--------+
         Total |   6742 |   6407 |    335 |      0 |   5205 |   8 |  842.8 |
       Dungeon |   6501 |   6314 |    187 |      0 |   5116 |   7 |  928.7 |
        Temple |    241 |     93 |    148 |      0 |     89 |   1 |  241.0 |
               +--------+--------+--------+--------+--------+-----+--------+

Top non-repeatable levels by time:
     D:6: 1479 daAuts
     D:5: 1419 daAuts
     D:1: 1071 daAuts
     D:3: 890 daAuts
     D:2: 854 daAuts
     D:4: 782 daAuts
  Temple: 241 daAuts
     D:7: 3 daAuts
